 Dungeon Crawl Stone Soup version 0.19-a0-1888-g6ba2374 (webtiles) character file.

123 Naow the Shield-Bearer (level 5, -1/41 HPs)
             Began as a Formicid Fighter on Oct 17, 2016.
             Slain by Naow's ghost (6 damage)
             ... on level 3 of the Dungeon.
             The game lasted 00:04:55 (1984 turns).

Naow the Shield-Bearer (Formicid Fighter)           Turns: 1984, Time: 00:04:56

Health: -1/41      AC:  6    Str: 20 (22) XL:     5   Next: 29%
Magic:  5/5        EV: 13    Int:  6 (7)  God:
Gold:   173        SH: 10    Dex: 13 (15) Spells: 0 memorised, 4 levels left

rFire  + . .     SeeInvis +     a - +0 war axe
rCold  + . .     Gourm    .     b - +0 scale mail
rNeg   . . .     Faith    .     c - +0 shield
rPois  +         Spirit   .     (helmet unavailable)
rElec  +         Dismiss  .     (no cloak)
rCorr  +         Reflect  .     (no gloves)
MR     .....     Harm     .     (no boots)
Stlth  +.........               (no amulet)
                                (no ring)
                                (no ring)

@: agile, resistant
A: permanent stasis, dig shafts and tunnels, four strong arms, antennae 3
a: Dig, Shaft Self


You were on level 3 of the Dungeon.
You were not hungry.

You visited 1 branch of the dungeon, and saw 3 of its levels.

You collected 173 gold pieces.

Inventory:

Hand Weapons
 a - a +0 war axe (weapon)
Armour
 b - a +0 scale mail (worn)
 c - a +0 shield (worn)
Jewellery
 p - an uncursed amulet of dismissal {unknown}
 t - a +5 ring of strength {unknown}
Scrolls
 e - 5 scrolls of identify {unknown}
 j - a scroll of noise {unknown}
 k - a scroll of fog {unknown}
 m - a scroll of enchant weapon {unknown}
 r - a scroll of recharging {unknown}
 s - a scroll of fear {unknown}
 v - a scroll of remove curse {unknown}
Potions
 d - a potion of might
 g - a potion of degeneration
 h - 2 potions of lignification
 i - a potion of resistance
 l - a potion of ambrosia
 n - a potion of agility
 u - a potion of mutation {unknown}
Comestibles
 f - 3 bread rations
 o - a fruit
 q - a beef jerky
 w - 3 chunks of flesh


   Skills:
 - Level 3.2 Fighting
 + Level 3.6 Axes
 - Level 3.2 Armour
 + Level 5.5 Shields


You had 4 spell levels left.
You didn't know any spells.

Dungeon Overview and Level Annotations

Branches:
Dungeon (3/15)

Altars:
Hepliaklqana

Annotations:
D:3 Naow's ghost, amateur FoFi


Innate Abilities, Weirdness & Mutations

You are under a permanent stasis effect.
You can dig through walls and to a lower floor.
Your four strong arms can wield two-handed weapons with a shield.
You have a pair of large antennae on your head. (SInv)


Message History

You block the gnoll's attack.
You hit Naow's ghost but do no damage.
Naow's ghost is lightly damaged.
You feel less woody.
Your +0 scale mail unmelds from your body.
The gnoll closely misses you. Naow's ghost closely misses you.
You block the gnoll's attack. Naow's ghost completely misses you.
The gnoll barely misses you. The gnoll misses you.
You block Naow's ghost's attack. The gnoll closely misses you.
Found an escape hatch in the ceiling.
You barely miss the gnoll. You hit the gnoll but do no damage.
You slash Naow's ghost! You block the gnoll's attack.
You block Naow's ghost's attack. The gnoll barely misses you.
The gnoll hits you with a halberd!
* * * LOW HITPOINT WARNING * * *
You slash the gnoll!
You kill the gnoll!
You closely miss the gnoll. You closely miss Naow's ghost.
Naow's ghost hits you.
You die...

# # #.# ... #. #.#
#.###..
#.#####.###.....
#..............##
#
#..##.#.......##.#
#..##.#...........
#..##.#..W)g......
#..##.##..@).....<
#......#....##....
##..###.$#.## .
##.## ##...# #.##
##..# #.# #....
#.## #.##... ##.##
... ..#
######.###.... ..


You could see Naow's ghost and a gnoll.

Vanquished Creatures
  3 adders (D:2)
  3 gnolls (D:3)
  An ooze (D:1)
  2 worms (D:2)
  A dart slug (D:2)
  A leopard gecko (D:2)
  6 bats
  2 giant cockroaches
  6 goblins
  4 hobgoblins
  4 jackals (D:2)
  9 frilled lizards
  6 kobolds
  13 rats
61 creatures vanquished.

Notes
Turn   | Place    | Note
-------+----------+-------------------------------------------
     0 | D:1      | Naow the Formicid Fighter began the quest for the Orb.
     0 | D:1      | Reached XP level 1. HP: 18/18 MP: 1/1
   119 | D:1      | Reached XP level 2. HP: 18/24 MP: 2/2
   160 | D:1      | Reached skill level 4 in Shields
   389 | D:1      | Reached XP level 3. HP: 29/29 MP: 3/3
   988 | D:2      | Found a hazy altar of Hepliaklqana.
   999 | D:2      | Reached XP level 4. HP: 33/35 MP: 4/4
  1150 | D:2      | Reached skill level 5 in Shields
  1550 | D:2      | Found a faded altar of an unknown god.
  1944 | D:3      | Reached XP level 5. HP: 19/41 MP: 5/5
  1967 | D:3      | Noticed Naow's ghost (amateur FoFi)
  1984 | D:3      | Slain by Naow's ghost

Vault maps used:
D:1:      dpeg_arrival_rooms_with_view, minmay_rat_gold_closets
D:2:      lemuel_round_altar, ecumenical_altar_2,
          hangedman_abyss_or_decor_lesser_grid, minmay_tetromino_t4
D:3:      okawaru_ov_weapons_minmay, grunt_temple_overflow_open, first_bread

Skill      XL: |  1  2  3  4 |
---------------+-------------+-----
Shields        | 4 5 |  5.5
Axes           | 3 |  3.6
Fighting       | |  3.2
Armour         | |  3.2

Action                   |  1- 3 |  4- 6 || total
-------------------------+-------+-------++-------
Melee: War axe           |   100 |   119 ||   219
  Use: Potion            |       |     5 ||     5
  Eat: Chunk             |       |     4 ||     4
Armor: Scale mail        |    57 |    38 ||    95
       Skin              |       |    44 ||    44
Dodge: Dodged            |    27 |    72 ||    99
Block: Shield            |    54 |    95 ||   149
